 Dungeon Crawl Stone Soup version 0.30-a0-723-gc1506a1cf0 (webtiles) character file.

Game seed: 15514719437956191374

21 PriceMaster the Conjurer (level 2, -1/17 HPs)
             Began as an Octopode Conjurer on Jan 28, 2023.
             Slain by a black bear (5 damage)
             ... created by the rage of Trog
             ... on level 1 of the Dungeon.
             The game lasted 00:02:00 (880 turns).

PriceMaster the Conjurer (Octopode Conjurer)         Turns: 880, Time: 00:02:01

Health: -1/17      AC:  1    Str:  6    XL:     2   Next: 83%
Magic:  5/5        EV: 13    Int: 20    God:
Gold:   54         SH:  0    Dex: 10    Spells: 4/5 levels left

rFire   . . .      SeeInvis .    f - +0 dagger
rCold   . . .      Faith    .    (no shield)
rNeg    . . .      Spirit   .    (helmet restricted)
rPois   .          Reflect  .    (no amulet)
rElec   .          Harm     .    (no ring)
rCorr   .          Rampage  .    (no ring)
Will    .....                    (no ring)
Stlth   +++                      (no ring)
HPRegen 0.22/turn                (no ring)
MPRegen 0.09/turn                (no ring)
                                 (no ring)
                                 (no ring)

@: no status effects
A: almost no armour, amphibious, 8 rings, camouflage 1, gelatinous body 1,
(nimble swimmer 1), tentacles
a: no special abilities


You were on level 1 of the Dungeon.
You visited 1 branch of the dungeon, and saw 1 of its levels.

You collected 54 gold pieces.

Inventory:

Hand Weapons
 f - a +0 dagger (weapon)
 g - a +0 short sword
Scrolls
 c - a scroll of teleportation {unknown}
 d - a scroll of identify {unknown}
 e - a scroll of fog {unknown}
Potions
 a - a potion of magic
 b - 2 potions of degeneration {unknown}


   Skills:
 + Level 0.1 Fighting
 + Level 0.8 Short Blades
 + Level 2.3 Dodging
 + Level 2.9 Stealth
 - Level 2.1 Spellcasting
 - Level 4.2 Conjurations


You had 4 spell levels left.
You knew the following spells:

 Your Spells              Type           Power      Damage    Failure   Level
a - Magic Dart            Conj           76%        1d6       2%          1

Your spell library contained the following spells:

 Spells                   Type           Power      Damage    Failure   Level
 Searing Ray              Conj           38%        2d5       4%          2
 Dazzling Flash           Conj/Hex       20%        N/A       21%         3
 Fulminant Prism          Conj/Hex       5%         3d7       54%         4
 Iskenderun's Mystic Bla  Conj/Tloc      10%        2d4       54%         4


Dungeon Overview and Level Annotations

Branches:
Dungeon (1/15)

Altars:
Trog


Innate Abilities, Weirdness & Mutations

You cannot wear most types of armour.
You are amphibious.
You can wear up to eight rings at the same time.
Your skin changes colour to match your surroundings (Stealth+).
Your rubbery body absorbs attacks. (AC +1, EV +1)
((You are camouflaged when in or above water. (Stealth+)))
You have tentacles for arms and can constrict up to eight enemies at once.


Message History

The hobgoblin barely misses you.
You hit the hobgoblin but do no damage.
The hobgoblin is heavily wounded.
You constrict the hobgoblin, but do no damage.
The hobgoblin hits you.
You hit the hobgoblin.
You kill the hobgoblin!
A quokka comes into view.
The goblin misses you.
You hit the goblin. You grab the goblin.
The goblin is severely wounded.
You constrict the goblin. The goblin hits you with a +0 club.
You hit the goblin.
You kill the goblin!
Things that are here:
a +0 club; a goblin corpse You hit the quokka.
You grab the quokka.
The quokka is heavily wounded.
You constrict the quokka, but do no damage.
The quokka misses you.
You hit the quokka. You squeeze the quokka.
You kill the quokka!
No target in view!
No target in view!
No target in view!
No target in view!
No target in view!
Trog sends monsters to punish you. 2 black bears and a polar bear come into view.
There are monsters nearby!
There are monsters nearby!
Okay, then.
The black bear attacks as you move away!
The black bear bites you. The black bear claws you. x2
The polar bear rages.
The polar bear misses you. The polar bear closely misses you.
The polar bear claws you.
* * * LOW HITPOINT WARNING * * *
The black bear misses you. The black bear claws you.
You die...

#.....##..#.###
###
#.....#####...#
#
#.....#####...#
#
#.............#
####..#####...#
#h.# #...# #..#
#...#
#hh#####...#
#@.....#...#
#.####.#####
#.# #.# #.# ...
###


You could see a polar bear (berserk) and 2 black bears.

Vanquished Creatures
  A bat (D:1)
  2 endoplasms (D:1)
  4 goblins (D:1)
  3 hobgoblins (D:1)
  2 kobolds (D:1)
  A quokka (D:1)
  A ball python (D:1)
  A frilled lizard (D:1)
  3 rats (D:1)
18 creatures vanquished.

Notes
Turn   | Place    | Note
-------+----------+-------------------------------------------
     0 | D:1      | PriceMaster the Octopode Conjurer began the quest for the
                  | Orb.
     0 | D:1      | Reached XP level 1. HP: 11/11 MP: 3/3
   248 | D:1      | Found a faded altar of an unknown god.
   296 | D:1      | Prayed at the altar of an unknown god.
   296 | D:1      | Became a worshipper of Trog the Wrathful
   296 | D:1      | Reached * piety under Trog
   344 | D:1      | Fell from the grace of Trog
   347 | D:1      | Reached XP level 2. HP: 7/17 MP: 1/5
   876 | D:1      | Noticed a black bear
   876 | D:1      | Noticed a black bear
   876 | D:1      | Noticed a polar bear
   880 | D:1      | Slain by a black bear

Illustrated notes

Levels and vault maps discovered:
D:1:      lightli_arrival_noodles, layout_basic,
          hellmonk_ecumenical_altar_inner_sanctum

Action                     || total
---------------------------++-------
  Melee: Unarmed           ||     4
         Constrict         ||     5
         Dagger            ||    15
         Tentacles         ||     4
   Cast: Magic Dart        ||    21
 Invoke: Renounce Religion ||     1
   Stab: Sleeping          ||     1
 Armour: Skin              ||     1
  Dodge: Dodged            ||    15

Table legend: (Time is in decaauts)
 A = Elapsed time spent in this place.
 B = Non-inter-level travel time spent in this place.
 C = Inter-level travel time spent in this place.
 D = Time resting spent in this place.
 E = Time spent auto-exploring this place.
 F = Levels seen in this place.
 G = Mean time per level.
                   A        B        C        D        E       F      G
               +--------+--------+--------+--------+--------+-----+--------+
         Total |    879 |    868 |     11 |    269 |    478 |   1 |  879.0 |
       Dungeon |    879 |    868 |     11 |    269 |    478 |   1 |  879.0 |
               +--------+--------+--------+--------+--------+-----+--------+

Top non-repeatable levels by time:
     D:1: 879 daAuts
